 Dungeon Crawl Stone Soup version 0.19.5 (webtiles) character file.

158 Kalash the Sneak (level 5, 0/42 HPs)
             Began as a Naga Enchanter on Apr 22, 2017.
             Was an Initiate of Dithmenos.
             Slain by an orc
             ... wielding a +0 trident
              (3 damage)
             ... on level 3 of the Dungeon on Apr 28, 2017.
             The game lasted 00:08:29 (4050 turns).

Kalash the Sneak (Naga Enchanter)                   Turns: 4050, Time: 00:08:30

Health: 0/42       AC:  6    Str: 10    XL:     5   Next: 39%
Magic:  8/8        EV: 10    Int: 16    God:    Dithmenos [......]
Gold:   132        SH:  0    Dex: 12    Spells: 3 memorised, 2 levels left

rFire  x . .     SeeInvis +     a - +1 dagger
rCold  + . .     Gourm    .     b - +1 robe
rNeg   . . .     Faith    .     (no shield)
rPois  +         Spirit   .     (no helmet)
rElec  .         Reflect  .     (no cloak)
rCorr  .         Harm     .     m - +2 pair of gloves
MR     .....                    (no barding)
Stlth  +++.......               (no amulet)
                                (no ring)
                                k - ring of ice

@: very slow
A: see invisible, deformed body, poison resistance, slowness 2, slow metabolism
1, spit poison 1, AC +1
a: Spit Poison, Renounce Religion


You were on level 3 of the Dungeon.
You worshipped Dithmenos.
Dithmenos was noncommittal.
You were not hungry.

You visited 1 branch of the dungeon, and saw 4 of its levels.

You collected 132 gold pieces.

Inventory:

Hand Weapons
 a - a +1 dagger (weapon)
Armour
 b - a +1 robe (worn)
 m - a +2 pair of gloves (worn)
Jewellery
 k - a ring of ice (left hand)
 p - an uncursed amulet of guardian spirit {unknown}
Scrolls
 e - 2 scrolls of enchant weapon {unknown}
 f - a scroll of magic mapping {unknown}
 g - 2 scrolls of amnesia
 q - 2 scrolls of remove curse {unknown}
 r - 3 scrolls of identify {unknown}
 t - a scroll of fog {unknown}
Potions
 i - 2 potions of curing {unknown}
 l - 2 potions of might {unknown}
 s - a potion of degeneration {unknown}
 u - a potion of haste {unknown}
Books
 c - a book of Maledictions

   Spells                             Type                      Level
   a - Corona                         Hexes                        1
   b - Ensorcelled Hibernation        Hexes/Ice                    2
   c - Confuse                        Hexes                        3
   d - Tukima's Dance                 Hexes                        3
   e - Dazzling Spray                 Conjuration/Hexes            3
Comestibles
 d - a bread ration
 j - a fruit
 n - a meat ration


   Skills:
 + Level 3.3 Short Blades
 - Level 1.5 Dodging
 + Level 5.2 Stealth
 - Level 2.0 Spellcasting
 + Level 4.4 Hexes


You had 2 spell levels left.
You knew the following spells:

 Your Spells              Type           Power        Failure   Level  Hunger
a - Corona                Hex            ###....      4%          1    #......
b - Ensorcelled Hibernat  Hex/Ice        ##....       14%         2    ###....
c - Tukima's Dance        Hex            ###.....     12%         3    ###....


Dungeon Overview and Level Annotations

Branches:
Dungeon (4/15)
 Temple: D:4-7

Altars:
Dithmenos

Annotations:
D:3 InsaneSocks's ghost, amateur HuMo


Innate Abilities, Weirdness & Mutations

You cannot wear boots.
Your serpentine skin is tough. (AC +1)
You have supernaturally acute eyesight. (SInv)
Armour fits poorly on your strangely shaped body.
Your system is resistant to poisons. (rPois)
You cover ground very slowly.
You have a slow metabolism.
You can spit poison.


Message History

You barely miss the phantom.
The phantom is moderately damaged.
The phantom hits you.
* * * LOW HITPOINT WARNING * * *
The phantom blinks!
The phantom blinks!
The phantom hits you.
* * * LOW HITPOINT WARNING * * *
The phantom blinks!
The phantom misses you. The phantom hits you!
* * * LOW HITPOINT WARNING * * *
The phantom blinks!
There is a stone staircase leading up here.
You climb upwards.
Level annotation: InsaneSocks's ghost, amateur HuMo
There is a stone staircase leading down here.
There are monsters nearby!
The orc hits you from afar with a trident.
You die...

#......#.#.......# ##
.......#.#......# #.
#....##....#.####.
.....#..##........##.
#######........#.#.##.
#########.......#.#.#.##......
#.........###.#.....#.##.#.###
####.#########.....#>.......###
#.......# #.#@###...######
#.#...#.# #.#..o.o.##
#..###..## #.######.# #..#
#...# ###.### #.#######
#..###...# #.....# #.......#
#........# #.....# #..####.#
#........# #.....# #..####.#
##.#.....# #.....# #....##.#
#......## #.....# ##.#.##.#


You could see an orc priest and an orc.

Vanquished Creatures
  A bullfrog skeleton (D:4)
  Ijyb (D:2)
  A worker ant (D:4)
  2 adders
  A worm (D:2)
  A dart slug (D:1)
  10 orcs
  4 bats (D:2)
  3 giant cockroaches
  3 goblins (D:3)
  3 hobgoblins (D:1)
  A jackal (D:4)
  5 kobolds
  A quokka (D:3)
  5 frilled lizards
  6 rats
48 creatures vanquished.

Notes
Turn   | Place    | Note
-------+----------+-------------------------------------------
     0 | D:1      | Kalash the Naga Enchanter began the quest for the Orb.
     0 | D:1      | Reached XP level 1. HP: 15/15 MP: 3/3
   411 | D:1      | Reached XP level 2. HP: 22/22 MP: 5/5
  1128 | D:2      | Found a shadowy altar of Dithmenos.
  1139 | D:2      | Became a worshipper of Dithmenos the Shadowed
  1210 | D:2      | Noticed Ijyb
  1223 | D:2      | Killed Ijyb
  1223 | D:2      | Reached XP level 3. HP: 20/28 MP: 6/6
  1268 | D:2      | Reached XP level 4. HP: 33/36 MP: 7/7
  1272 | D:2      | Learned a level 2 spell: Ensorcelled Hibernation
  1276 | D:2      | Learned a level 3 spell: Tukima's Dance
  1799 | D:3      | Noticed InsaneSocks's ghost (amateur HuMo)
  3720 | D:4      | Reached skill level 5 in Stealth
  3720 | D:4      | Reached XP level 5. HP: 15/42 MP: 8/8
  4001 | D:4      | Noticed a phantom
  4042 | D:4      | HP: 1/42 [phantom (7)]
  4050 | D:3      | Slain by an orc

Skill      XL: |  1  2  3  4 |
---------------+-------------+-----
Short Blades   | 2 3 |  3.3
Hexes          | 4 |  4.4
Stealth        | 5 |  5.2
Dodging        | |  1.5
Spellcasting   | |  2.0

Action                   |  1- 3 |  4- 6 || total
-------------------------+-------+-------++-------
Melee: Dagger            |    79 |   229 ||   308
 Cast: Tukima's Dance    |       |     1 ||     1
  Use: Scroll            |       |     4 ||     4
 Stab: Sleeping          |     6 |     7 ||    13
       Distracted        |       |     1 ||     1
  Eat: Fruit             |       |     2 ||     2
       Bread ration      |       |     1 ||     1
       Beef jerky        |       |     1 ||     1
Armor: Robe              |    11 |   102 ||   113
Dodge: Dodged            |    39 |   139 ||   178
